[Event "ICC Open 2015"]
[Site "Internet Chess Club"]
[Date "2015.05.29"]
[Round "2"]
[White "lsokol"]
[Black "GGuseinov"]
[Result "0-1"]
[ICCResult "White resigns"]
[WhiteElo "2345"]
[BlackElo "3061"]
[Opening "King's Indian: Averbakh system"]
[ECO "E73"]
[NIC "KI.26"]
[Time "19:13:05"]
[TimeControl "180+0"]

1. d4 Nf6 2. c4 g6 3. Nc3 Bg7 4. e4 d6 5. Be2 O-O 6. Bg5 c6 7. Qd2 a6 8. h4
h5 9. Nh3 b5 10. e5 dxe5 11. dxe5 Qxd2+ 12. Bxd2 Ng4 13. f4 Bf5 14. Nf2 Nxf2
15. Kxf2 f6 16. exf6 Bxf6 17. Bf3 bxc4 18. Rad1 Ra7 19. Be3 Rb7 20. Rd2 a5
21. Rc1 Rc8 22. Ne4 Bxb2 23. Rxc4 Na6 24. Ng3 Bd7 25. f5 gxf5 26. Nxh5 Be8
27. g4 Bxh5 28. gxh5 Bf6 29. Bxc6 Rbc7 30. Bd5+ Kh7 31. Rxc7 Rxc7 32. Bg5
Nb4 33. Be6 Rc5 34. Rd7 Kg7 35. Kf3 Nc6 36. h6+ Kg6 37. Bxf6 Kxf6 38. Bd5
Ne5+ 39. Ke3 Nxd7 {White resigns} 0-1

[Event "ICC Open 2015"]
[Site "Internet Chess Club"]
[Date "2015.05.29"]
[Round "2"]
[White "rovov"]
[Black "weezil"]
[Result "0-1"]
[ICCResult "White resigns"]
[WhiteElo "1628"]
[BlackElo "1951"]
[Opening "English: symmetrical, main line with d4"]
[ECO "A39"]
[NIC "EO.26"]
[Time "19:12:14"]
[TimeControl "180+0"]

1. Nf3 g6 2. c4 Bg7 3. g3 c5 4. Bg2 Nc6 5. O-O Nf6 6. Nc3 O-O 7. d4 cxd4 8.
Nxd4 a6 9. b3 Nxd4 10. Qxd4 d6 11. Bb2 Nd7 12. Qd2 Rb8 13. Nd5 Bxb2 14. Qxb2
Nb6 15. Qd4 Nxd5 16. Qxd5 b5 17. cxb5 axb5 18. Rfc1 Bb7 19. Qd2 Bxg2 20.
Kxg2 Qd7 21. Rc2 b4 22. Rac1 Rb7 23. Rc4 Rfb8 24. Qd5 e6 25. Qc6 Qe7 26. Rd1
d5 27. Rc2 Qf6 28. Rdc1 Qe5 29. e3 Qe4+ 30. Kg1 Rb6 31. Qc7 R8b7 32. Qd8+
Kg7 33. Qg5 h6 34. Qf4 Qxf4 35. gxf4 Kf6 36. Rc6 Kf5 37. Rxb6 Rxb6 38. Rc7
f6 39. Kg2 h5 40. Kf3 e5 41. fxe5 fxe5 42. Rc5 e4+ 43. Kg2 Ke5 44. Rc2 Ra6
45. h4 Ra3 46. Kg3 Ra6 47. Kg2 Rb6 48. Kg3 Kd6 49. Kf4 Ke6 50. Kg5 Ke5 51.
Rd2 Ra6 52. Rc2 Rb6 53. Rd2 Rc6 54. Rc2 Rxc2 55. f4+ exf3 {White resigns}
0-1

[Event "ICC Open 2015"]
[Site "Internet Chess Club"]
[Date "2015.05.29"]
[Round "2"]
[White "ChenRichard"]
[Black "EREBUNI"]
[Result "0-1"]
[ICCResult "White resigns"]
[WhiteElo "2307"]
[BlackElo "3019"]
[Opening "Sicilian: Kan, 5.Nc3"]
[ECO "B43"]
[NIC "SI.41"]
[Time "19:13:26"]
[TimeControl "180+0"]

1. e4 c5 2. Nf3 e6 3. d4 cxd4 4. Nxd4 a6 5. Nc3 b5 6. Be3 Bb7 7. Qf3 d6 8.
O-O-O Nd7 9. Kb1 Ngf6 10. g4 b4 11. g5 bxc3 12. gxf6 Nxf6 13. Bc4 Bxe4 14.
Qg3 Qb8 15. b3 Bxh1 16. Rxh1 d5 17. Bf4 Qb6 18. Nf5 dxc4 19. Nxg7+ Kd7 20.
Rd1+ Nd5 21. Qxc3 Kc8 22. Qe5 Nxf4 23. Nf5 Ng6 24. Qf6 Bc5 25. Qxf7 Ra7 26.
Nd6+ Qxd6 {White resigns} 0-1

[Event "ICC Open 2015"]
[Site "Internet Chess Club"]
[Date "2015.05.29"]
[Round "2"]
[White "maki89"]
[Black "Federicov"]
[Result "0-1"]
[ICCResult "White resigns"]
[WhiteElo "2366"]
[BlackElo "3140"]
[Opening "Trompowsky attack (Ruth, Opocenský opening)"]
[ECO "A45"]
[NIC "QP.07"]
[Time "19:12:54"]
[TimeControl "180+0"]

1. d4 Nf6 2. Bg5 e6 3. e4 h6 4. Bxf6 Qxf6 5. c3 d6 6. Bd3 e5 7. Ne2 g6 8.
O-O Bg7 9. f4 Qe7 10. Nd2 O-O 11. Nf3 Nd7 12. Qb3 exd4 13. cxd4 c5 14. f5 g5
15. Rae1 b6 16. Ng3 cxd4 17. Nh5 Nc5 18. Qd1 Bf6 19. b4 Nd7 20. Bb5 Ne5 21.
Nxd4 Bb7 22. Qb3 Rac8 23. Qg3 Kh7 24. h4 gxh4 25. Qh3 Rg8 26. Rf4 Rg5 27.
Rxh4 Rcg8 28. Nf4 Rxg2+ 29. Nxg2 Bxh4 30. Rc1 Bxe4 31. Bf1 Qg5 32. Rc7 Qd2
33. Ne2 Bxg2 34. Bxg2 Qxe2 {White resigns} 0-1

[Event "ICC Open 2015"]
[Site "Internet Chess Club"]
[Date "2015.05.29"]
[Round "2"]
[White "nikenwidiartto"]
[Black "ural"]
[Result "0-1"]
[ICCResult "White checkmated"]
[WhiteElo "1838"]
[BlackElo "2510"]
[Opening "Scandinavian (center counter) defense"]
[ECO "B01"]
[NIC "SD.01"]
[Time "19:13:12"]
[TimeControl "180+0"]

1. e4 d5 2. exd5 Qxd5 3. Nc3 Qa5 4. Bc4 Nf6 5. d3 Bg4 6. f3 Be6 7. Bxe6 fxe6
8. Qe2 Nc6 9. Qxe6 Nd4 10. Qc4 Nxc2+ 11. Kd1 Nxa1 12. Bf4 e5 13. Bg5 O-O-O
14. Nge2 e4 15. fxe4 Qxg5 16. Rf1 Qc5 17. Qa4 Rxd3+ 18. Ke1 Bd6 19. Rf5 Qe3
20. Nb5 Bc5 21. Qc4 Qd2+ 22. Kf1 Qd1# {White checkmated} 0-1

[Event "ICC Open 2015"]
[Site "Internet Chess Club"]
[Date "2015.05.29"]
[Round "2"]
[White "Lzmann"]
[Black "dakota-dude"]
[Result "1-0"]
[ICCResult "Black forfeits on time"]
[WhiteElo "1801"]
[BlackElo "1152"]
[Opening "QGD Slav defense"]
[ECO "D10"]
[NIC "SL.01"]
[Time "19:12:24"]
[TimeControl "180+0"]

1. d4 d5 2. c4 c6 3. Nc3 Nf6 4. cxd5 cxd5 5. Bg5 e6 6. e3 Be7 7. Nf3 Nc6 8.
Bd3 O-O 9. O-O h6 10. Bh4 Nh5 11. Bxe7 Qxe7 12. a3 Nf6 13. b4 a6 14. Na4 b5
15. Nc5 Bd7 16. Rc1 Be8 17. Qd2 Nd7 18. Rc2 Nb6 19. Rfc1 Na4 20. Nxa4 bxa4
21. Rxc6 Bxc6 22. Rxc6 Qb7 23. Rc5 Rfc8 24. h3 Rxc5 25. dxc5 Qc6 26. Bc2 Rb8
27. Qd3 Kf8 28. Qh7 Ke7 29. Qxg7 a5 30. Ne5 Qe8 31. Qxh6 axb4 32. Qg5+ f6
33. Qg7+ Kd8 34. Qxf6+ Kc8 35. axb4 Rxb4 36. Nf7 a3 37. Nd6+ Kd7 38. Nxe8
Kxe8 39. Qxe6+ Kd8 40. Qd6+ {Black forfeits on time} 1-0

[Event "ICC Open 2015"]
[Site "Internet Chess Club"]
[Date "2015.05.29"]
[Round "2"]
[White "akibael"]
[Black "LastKeks"]
[Result "1/2-1/2"]
[ICCResult "Game drawn by repetition"]
[WhiteElo "2430"]
[BlackElo "3165"]
[Opening "Réti: King's Indian attack"]
[ECO "A05"]
[NIC "QP.11"]
[Time "19:13:11"]
[TimeControl "180+0"]

1. Nf3 Nf6 2. g3 g6 3. Bg2 Bg7 4. O-O O-O 5. d3 d6 6. Nc3 e5 7. e4 Nc6 8. h3
h6 9. Be3 a6 10. d4 exd4 11. Nxd4 Bd7 12. Re1 Re8 13. Qd2 Kh7 14. Rad1 Ne5
15. b3 c5 16. Nde2 Bxh3 17. Qxd6 Bxg2 18. Kxg2 b6 19. f3 Rb8 20. Qxd8 Rbxd8
21. Nf4 g5 22. Nfd5 Nxd5 23. Nxd5 g4 24. fxg4 Nxg4 25. Bf4 b5 26. Kf3 Ne5+
27. Kg2 Ng6 28. Kf3 c4 29. Nc7 Rxd1 30. Rxd1 Re7 31. Nxa6 Ra7 32. Nb4 Bf8
33. Nd5 Rxa2 34. bxc4 bxc4 35. Ne3 c3 36. Rd3 Bg7 37. Rd7 Kg8 38. Rd8+ Kh7
39. Rd7 Kg8 40. Rd8+ Kh7 41. Rd7 Kg8 42. Rd8+ Kh7 {Game drawn by repetition}
1/2-1/2

[Event "ICC Open 2015"]
[Site "Internet Chess Club"]
[Date "2015.05.29"]
[Round "2"]
[White "ErikaTan"]
[Black "gonesailing"]
[Result "0-1"]
[ICCResult "White forfeits on time"]
[WhiteElo "1864"]
[BlackElo "1574"]
[Opening "Latvian: Fraser defense"]
[ECO "C40"]
[NIC "KP.09"]
[Time "19:12:38"]
[TimeControl "180+0"]

1. e4 e5 2. Nf3 f5 3. Nxe5 Nc6 4. Nxc6 dxc6 5. Nc3 fxe4 6. Nxe4 Nf6 7. Nc3
Bc5 8. Be2 O-O 9. O-O Bd6 10. d4 Nd5 11. Ne4 Bxh2+ 12. Kxh2 Qh4+ 13. Kg1
Qxe4 14. Bf3 Qh4 15. g3 Qf6 16. Bg2 Bf5 17. a3 Rad8 18. c4 Ne7 19. Be3 Ng6
20. Qb3 Kh8 21. Qxb7 Rb8 22. Qxc7 Rxb2 23. Qxc6 Qe7 24. d5 Bd3 25. Bc5 Qg5
26. Bxf8 Nxf8 27. Qe8 Qf6 28. d6 Bxf1 29. Rxf1 Rd2 30. c5 h6 31. Qe7 Qf5 32.
Be4 Qc8 33. c6 Rxd6 34. Qxd6 Nh7 35. Qg6 Ng5 36. Bf5 Nf3+ 37. Kg2 Nh4+ 38.
gxh4 Qg8 39. Qh5 Qd5+ 40. f3 Qxf3+ {White forfeits on time} 0-1

[Event "ICC Open 2015"]
[Site "Internet Chess Club"]
[Date "2015.05.29"]
[Round "2"]
[White "DropZone"]
[Black "supermouse"]
[Result "0-1"]
[ICCResult "White forfeits on time"]
[WhiteElo "2101"]
[BlackElo "2724"]
[Opening "Queen's Pawn"]
[ECO "A41"]
[NIC "QO.17"]
[Time "19:12:35"]
[TimeControl "180+0"]

1. d4 d6 2. Nf3 Nf6 3. h3 g6 4. Bf4 Bg7 5. e3 O-O 6. Be2 Nbd7 7. O-O c5 8.
c3 Rb8 9. Nbd2 b5 10. a3 a5 11. Re1 b4 12. axb4 axb4 13. c4 Bb7 14. d5 Ra8
15. Qc2 Qc7 16. e4 e5 17. Bg5 h6 18. Be3 Nh7 19. Nh4 Qd8 20. g3 Ng5 21. Kg2
Nb6 22. b3 Bc8 23. Bg4 Bd7 24. Bxd7 Qxd7 25. g4 Bf6 26. Nhf3 Kg7 27. Nxg5
Bxg5 28. Bxg5 hxg5 29. Nf3 Qe7 30. Qd2 f6 31. Qb2 Rh8 32. Rxa8 Rxa8 33. Ra1
Qb7 34. Nd2 Ra6 35. Rxa6 Qxa6 36. Nb1 Nxc4 37. bxc4 Qxc4 38. Nd2 Qe2 39. Qa2
f5 40. Qa7+ Kf8 41. Qb8+ Ke7 42. Qc7+ Ke8 43. Qc8+ Ke7 44. Qe6+ Kd8 45.
Qxd6+ Kc8 46. Qc6+ Kb8 47. Qb6+ Kc8 48. Qc6+ Kb8 49. Qb6+ Ka8 50. Qa6+ Kb8
51. Qb6+ Ka8 52. Qa6+ Qxa6 {White forfeits on time} 0-1

[Event "ICC Open 2015"]
[Site "Internet Chess Club"]
[Date "2015.05.29"]
[Round "2"]
[White "ganesh"]
[Black "Snooze"]
[Result "0-1"]
[ICCResult "White forfeits on time"]
[WhiteElo "1581"]
[BlackElo "1909"]
[Opening "Sicilian: Anderssen variation"]
[ECO "B41"]
[NIC "SI.41"]
[Time "19:12:45"]
[TimeControl "180+0"]

1. e4 c5 2. Nf3 e6 3. d4 cxd4 4. Nxd4 Nf6 5. Nc3 Nc6 6. Be3 Bb4 7. f3 d5 8.
Nxc6 bxc6 9. Bd3 d4 10. Bd2 dxc3 11. bxc3 Bc5 12. Rb1 O-O 13. Bc4 Qa5 14.
Qe2 Rd8 15. g4 Bd7 16. g5 Ne8 17. h4 Rab8 18. Rd1 Nd6 19. Bb3 Bc8 20. h5 Ba6
21. Qh2 Nc4 22. g6 Nxd2 23. gxf7+ Kh8 24. Rxd2 Qxc3 25. h6 g6 26. f8=Q+ Bxf8
27. Bxe6 Rb1+ 28. Kf2 Rxd2+ {White forfeits on time} 0-1

[Event "ICC Open 2015"]
[Site "Internet Chess Club"]
[Date "2015.05.29"]
[Round "2"]
[White "TheLoneKing1"]
[Black "siso"]
[Result "1-0"]
[ICCResult "Black checkmated"]
[WhiteElo "1981"]
[BlackElo "1666"]
[Opening "Sicilian: dragon, classical, Nottingham variation"]
[ECO "B72"]
[NIC "SI.15"]
[Time "19:13:09"]
[TimeControl "180+0"]

1. e4 c5 2. Nf3 d6 3. d4 cxd4 4. Nxd4 Nf6 5. Nc3 g6 6. Be2 Bg7 7. Be3 Nc6 8.
Nb3 Bd7 9. Qd2 O-O 10. O-O-O a5 11. f3 a4 12. Nd4 a3 13. b3 Qa5 14. g4 h5
15. g5 Nh7 16. Nd5 Qxd2+ 17. Rxd2 Nxd4 18. Nxe7+ Kh8 19. Bxd4 Bxd4 20. Rxd4
Nxg5 21. Nd5 Ne6 22. Rd2 Bc6 23. Rhd1 Rad8 24. Nb4 Nf4 25. Bc4 f6 26. Rxd6
Rxd6 27. Rxd6 Ng2 28. Nxc6 bxc6 29. Rxc6 Rd8 30. Rxf6 Ne3 31. Bd3 Kg7 32.
Ra6 Rf8 33. Be2 Rc8 34. c4 g5 35. Rxa3 g4 36. fxg4 hxg4 37. Kd2 Ng2 38. Bxg4
Rd8+ 39. Ke2 Nf4+ 40. Ke3 Ng6 41. Ra7+ Kh6 42. Bf5 Ne5 43. h4 Rd3+ 44. Ke2
Rg3 45. Rh7# {Black checkmated} 1-0

[Event "ICC Open 2015"]
[Site "Internet Chess Club"]
[Date "2015.05.29"]
[Round "2"]
[White "Kiborg95"]
[Black "gmgattass"]
[Result "1-0"]
[ICCResult "Black checkmated"]
[WhiteElo "2836"]
[BlackElo "2235"]
[Opening "French: Tarrasch, closed variation"]
[ECO "C05"]
[NIC "FR.16"]
[Time "19:13:13"]
[TimeControl "180+0"]

1. e4 e6 2. d4 d5 3. Nd2 Nf6 4. e5 Nfd7 5. f4 c5 6. c3 Nc6 7. Ndf3 f6 8. Bd3
Qb6 9. a3 cxd4 10. cxd4 Be7 11. h4 Kd8 12. Ne2 f5 13. h5 Re8 14. b4 a6 15.
Kf2 Nf8 16. Be3 Bd7 17. Nc3 Na7 18. Rc1 Rc8 19. Qb3 Nb5 20. Na4 Qa7 21. Nc5
b6 22. Nxd7 Qxd7 23. a4 Nc7 24. Rhg1 a5 25. bxa5 bxa5 26. g4 fxg4 27. Rxg4
Bb4 28. Rcg1 Qf7 29. Rxg7 Qxh5 30. R1g2 Re7 31. Rg8 Rf7 32. Rh2 Be1+ 33. Ke2
Qxh2+ 34. Nxh2 Bh4 35. Ng4 Be7 36. Nh6 Rf5 37. Nxf5 exf5 38. Bxf5 Ra8 39.
Bd2 Ra6 40. Qb8# {Black checkmated} 1-0

[Event "ICC Open 2015"]
[Site "Internet Chess Club"]
[Date "2015.05.29"]
[Round "2"]
[White "Chessbomb"]
[Black "truufseir"]
[Result "0-1"]
[ICCResult "White forfeits on time"]
[WhiteElo "1847"]
[BlackElo "1539"]
[Opening "KGA: King's knight's gambit"]
[ECO "C37"]
[NIC "KG.01"]
[Time "19:12:37"]
[TimeControl "180+0"]

1. e4 e5 2. f4 exf4 3. Nf3 g5 4. Bc4 Qe7 5. O-O Qc5+ 6. d4 Qxc4 7. Nxg5 Bg7
8. c3 d6 9. b3 Qc6 10. Rxf4 Nf6 11. d5 Qc5+ 12. Kh1 O-O 13. Qf3 Bg4 14. Qd3
Nbd7 15. Be3 Qa5 16. Bd4 Ne5 17. Qf1 h6 18. b4 Qa6 19. Rxf6 hxg5 20. b5 Qa4
21. Rf2 a6 22. h3 Bd7 23. bxa6 bxa6 24. Nd2 Bb5 25. Qd1 Qxd1+ 26. Rxd1 Nd3
27. Rf5 Bxd4 28. cxd4 f6 29. Nf3 Kg7 30. Rd2 Kg6 31. h4 g4 32. Nh2 g3 33.
Ng4 Nf2+ 34. Nxf2 gxf2 35. Rdxf2 Rf7 36. g4 Rh8 37. h5+ Kg7 38. e5 dxe5 39.
dxe5 Rhf8 40. g5 fxg5 41. Rxf7+ Rxf7 {White forfeits on time} 0-1

[Event "ICC Open 2015"]
[Site "Internet Chess Club"]
[Date "2015.05.29"]
[Round "2"]
[White "HPG1947"]
[Black "LordKinbote"]
[Result "0-1"]
[ICCResult "White forfeits on time"]
[WhiteElo "1782"]
[BlackElo "1418"]
[Opening "Danish gambit"]
[ECO "C21"]
[NIC "KP.04"]
[Time "19:12:22"]
[TimeControl "180+0"]

1. e4 e5 2. d4 exd4 3. c3 dxc3 4. Nxc3 Bc5 5. Bc4 Nf6 6. Nf3 O-O 7. Bg5 d6
8. Nd5 Kh8 9. Nxf6 gxf6 10. Bh6 Rg8 11. Bf4 Rxg2 12. Bg3 h5 13. Nh4 Bg4 14.
Qd2 Nc6 15. Qh6+ Kg8 16. Nxg2 Qf8 17. Qg6+ Qg7 18. Bxf7+ Kh8 19. Qxg7+ Kxg7
20. Bd5 Bb4+ 21. Kf1 Nd4 22. f4 Be2+ 23. Kf2 Bc5 24. Ke1 Bf3 25. Rg1 Nc2+
26. Kd2 Nxa1 {White forfeits on time} 0-1

[Event "ICC Open 2015"]
[Site "Internet Chess Club"]
[Date "2015.05.29"]
[Round "2"]
[White "RONENOSH9"]
[Black "Alekhinne"]
[Result "1-0"]
[ICCResult "Black forfeits on time"]
[WhiteElo "1961"]
[BlackElo "1696"]
[Opening "Pirc: classical (two knights) system"]
[ECO "B08"]
[NIC "PU.10"]
[Time "19:12:31"]
[TimeControl "180+0"]

1. e4 d6 2. Nf3 Nf6 3. Nc3 g6 4. d4 Bg7 5. Bg5 Nbd7 6. e5 Ng8 7. exd6 cxd6
8. Nb5 Qa5+ 9. c3 h6 10. b4 Qb6 11. Be3 a6 12. d5 Qd8 13. Bd4 Ngf6 14. Na3
O-O 15. Bc4 b5 16. Bb3 Bb7 17. O-O Nb6 18. Bxb6 Qxb6 19. Nc2 Rac8 20. Re1
Rc7 21. a4 Re8 22. a5 Qa7 23. Qd2 Qa8 24. Rad1 Nd7 25. Re3 Ne5 26. Rde1 Nc4
27. Bxc4 Rxc4 28. Rxe7 Rxe7 29. Rxe7 Bxd5 30. Ne3 Bxf3 31. Nxc4 bxc4 32.
gxf3 Qxf3 33. Re3 Qf6 34. Qe2 Kh7 35. Qxc4 Qg5+ 36. Rg3 Qc1+ 37. Kg2 Qd1 38.
Qxf7 {Black forfeits on time} 1-0

[Event "ICC Open 2015"]
[Site "Internet Chess Club"]
[Date "2015.05.29"]
[Round "2"]
[White "RobbieWilliams"]
[Black "spartan62"]
[Result "1-0"]
[ICCResult "Black forfeits on time"]
[WhiteElo "1723"]
[BlackElo "1271"]
[Opening "Queen's pawn game"]
[ECO "A45"]
[NIC "QP.07"]
[Time "19:13:04"]
[TimeControl "180+0"]

1. d4 Nf6 2. e3 e6 3. Nd2 c5 4. Bd3 cxd4 5. exd4 d5 6. f4 Bd6 7. g3 Nc6 8.
c3 O-O 9. Ngf3 Ng4 10. Qe2 e5 11. fxe5 Bxe5 12. dxe5 Ncxe5 13. Nxe5 Nxe5 14.
O-O Nxd3 15. Qxd3 Bh3 16. Rf4 Qb6+ 17. Rd4 Rae8 18. Nf3 Re4 19. Rb1 Bf5 20.
Qd1 Rxd4 21. Nxd4 Bxb1 22. b4 Bxa2 23. Be3 Bc4 24. Bf2 Qg6 25. h4 Re8 26.
Qf3 Qb1+ 27. Kh2 Qf1 28. h5 h6 29. g4 Re4 30. Kg3 Qc1 31. Qf5 Qxc3+ 32. Nf3
Be2 33. Kg2 Bxf3+ 34. Qxf3 Qxb4 35. Bg3 Rxg4 36. Qxd5 Qb2+ 37. Kh3
{Black forfeits on time}
1-0

[Event "ICC Open 2015"]
[Site "Internet Chess Club"]
[Date "2015.05.29"]
[Round "2"]
[White "Hareaum"]
[Black "manta2"]
[Result "1-0"]
[ICCResult "Black forfeits on time"]
[WhiteElo "1739"]
[BlackElo "1301"]
[Opening "Sicilian: Steinitz variation"]
[ECO "B20"]
[NIC "SI.48"]
[Time "19:13:19"]
[TimeControl "180+0"]

1. e4 c5 2. g3 e6 3. Bg2 Nc6 4. Ne2 Nf6 5. O-O a6 6. c3 b5 7. d4 cxd4 8.
Nxd4 d5 9. exd5 Nxd4 10. dxe6 Bxe6 11. Bxa8 Qxa8 12. Qxd4 Bh3 13. Qe3+ Be7
14. f3 Ng4 15. Qe4 Qxe4 16. fxe4 Bxf1 17. Kxf1 Nxh2+ 18. Kg2 Ng4 19. Kf3
Ne5+ 20. Ke2 O-O 21. Bf4 Nc4 22. b3 g5 23. bxc4 gxf4 24. gxf4 bxc4 25. Nd2
Ba3 26. Nxc4 Bc5 27. Rh1 Re8 28. Ne5 {Black forfeits on time} 1-0

[Event "ICC Open 2015"]
[Site "Internet Chess Club"]
[Date "2015.05.29"]
[Round "2"]
[White "shredded"]
[Black "f5"]
[Result "1-0"]
[ICCResult "Black resigns"]
[WhiteElo "2734"]
[BlackElo "2152"]
[Opening "Dutch"]
[ECO "A80"]
[NIC "HD.12"]
[Time "19:13:14"]
[TimeControl "180+0"]

1. d4 f5 2. h4 Nf6 3. c4 e6 4. g3 d5 5. Nc3 c6 6. Bg2 Bd6 7. Nf3 Nbd7 8. Bf4
Qe7 9. c5 Bb8 10. Bxb8 Rxb8 11. Qc2 O-O 12. b4 e5 13. e3 e4 14. Ng5 Ng4 15.
Nh3 Ndf6 16. Nf4 Be6 17. a4 a6 18. b5 axb5 19. axb5 Bf7 20. Ra7 Ra8 21. Qa4
Rxa7 22. Qxa7 Re8 23. Ke2 h6 24. bxc6 bxc6 25. Qxe7 Rxe7 26. Rb1 g5 27. hxg5
hxg5 28. Nh3 Nh7 29. Rb6 Rc7 30. Na2 Be8 31. Nb4 Kf7 32. Bf1 Ke7 33. Ke1
Ngf6 34. Be2 Bd7 35. Bd1 Nf8 36. Nxg5 Ne6 37. Nxe6 Kxe6 38. Ba4 Ke7 39. Bxc6
Be6 40. Ba4 Ra7 41. Nc6+ {Black resigns} 1-0

[Event "ICC Open 2015"]
[Site "Internet Chess Club"]
[Date "2015.05.29"]
[Round "2"]
[White "ehkopean"]
[Black "antizwi"]
[Result "0-1"]
[ICCResult "White forfeits on time"]
[WhiteElo "1670"]
[BlackElo "1975"]
[Opening "Sicilian: Smith-Morra gambit"]
[ECO "B21"]
[NIC "SI.47"]
[Time "19:12:12"]
[TimeControl "180+0"]

1. e4 c5 2. d4 cxd4 3. c3 Nf6 4. e5 Nd5 5. Nf3 e6 6. Bc4 d6 7. Bxd5 exd5 8.
exd6 Bxd6 9. cxd4 O-O 10. O-O Bg4 11. h3 Bh5 12. Nc3 Nc6 13. Be3 Bc7 14. g4
Bg6 15. Qb3 Be4 16. Nxe4 dxe4 17. d5 exf3 18. dxc6 bxc6 19. Qb4 Qf6 20. Qd4
Be5 21. Qe4 h6 22. Rac1 Rac8 23. Qf5 Qxf5 24. gxf5 Bb8 25. f6 Rfe8 26. fxg7
Kxg7 27. Rc4 Re6 28. Rg4+ Rg6 29. Rd1 Be5 30. b3 c5 31. Rd7 a6 32. Rd5 Bd4
33. b4 Bxe3 34. fxe3 cxb4 35. Kf2 Rc2+ 36. Kxf3 Rxa2 37. Rxg6+ Kxg6 38. Rd6+
Kg7 39. Rxa6 b3 40. Rb6 b2 41. Kf4 Ra4+ 42. Kf3 Rh4 43. Rxb2 Rxh3+ 44. Kf4
Rh4+ 45. Kf3 Rh1 46. Rg2+ Kf6 47. Ke4 Rf1 48. Rg4 Rf5 49. Rh4 h5 50. Kd3 Re5
51. Rf4+ Rf5 52. Rd4 Re5 53. Rd6+ Kg7 54. Rd4 Re6 55. Rd7 Rg6 56. Rd8 Rf6
{White forfeits on time}
0-1

[Event "ICC Open 2015"]
[Site "Internet Chess Club"]
[Date "2015.05.29"]
[Round "2"]
[White "StarShip32"]
[Black "KM-SKOCB"]
[Result "0-1"]
[ICCResult "White resigns"]
[WhiteElo "2068"]
[BlackElo "2646"]
[Opening "Nimzo-Indian: classical variation"]
[ECO "E32"]
[NIC "NI.20"]
[Time "19:12:28"]
[TimeControl "180+0"]

1. d4 Nf6 2. c4 e6 3. Nc3 Bb4 4. Qc2 O-O 5. a3 Bxc3+ 6. Qxc3 d5 7. Nf3 dxc4
8. Qxc4 b6 9. Bg5 Ba6 10. Qc2 Nbd7 11. e3 Bxf1 12. Kxf1 c5 13. g3 Rc8 14.
Qe2 Qc7 15. Kg2 Qb7 16. h3 cxd4 17. exd4 h6 18. Be3 Nd5 19. Kh2 f5 20. Rac1
Rxc1 21. Rxc1 f4 22. Bd2 fxg3+ 23. fxg3 Rf6 24. Qe4 Qb8 25. Kg2 Qf8 26. Rf1
Qf7 27. Nh2 Rxf1 28. Nxf1 N7f6 29. Qe5 Qd7 30. Ne3 Nxe3+ 31. Bxe3 Qc6+ 32.
Kg1 Nd5 33. Bf2 a5 34. h4 Qe8 35. Kh2 a4 36. Be3 b5 37. Bf4 Qf7 38. Qe4 Qf5
39. Qxf5 exf5 40. Be5 g6 41. Kg2 Kf7 42. Kf3 g5 43. hxg5 hxg5 44. Ke2 Ke6
45. Kd3 Ne7 46. Ke3 Nc6 47. Bg7 Kd5 48. Bh6 Nxd4 49. Bxg5 Ne6 50. Bf6 Kc4
51. Be5 Kb3 52. Kd3 Nc5+ 53. Ke3 Ne6 54. Bf6 Nc7 55. Kf4 Nd5+ 56. Kxf5 Nxf6
57. Kxf6 Kxb2 58. g4 b4 59. g5 bxa3 60. g6 a2 61. g7 a1=Q 62. g8=Q Qf1+ 63.
Ke6 Qc4+ {White resigns} 0-1

[Event "ICC Open 2015"]
[Site "Internet Chess Club"]
[Date "2015.05.29"]
[Round "2"]
[White "vasek"]
[Black "Kaliman20"]
[Result "0-1"]
[ICCResult "White checkmated"]
[WhiteElo "1265"]
[BlackElo "1868"]
[Opening "King's pawn opening"]
[ECO "B07"]
[NIC "VO.17"]
[Time "19:12:20"]
[TimeControl "180+0"]

1. e4 d6 2. Nf3 Nf6 3. d3 g6 4. g3 Bg7 5. Bg2 O-O 6. O-O Bg4 7. c3 e5 8. Be3
Qd7 9. Nbd2 Bh3 10. Re1 Bxg2 11. Kxg2 Nc6 12. a4 Nh5 13. Qe2 Qg4 14. Qf1
Nf4+ 15. Bxf4 exf4 16. Kh1 fxg3 17. fxg3 f5 18. exf5 Rxf5 19. Qe2 Raf8 20.
Qe6+ Kh8 21. Rf1 Qh5 22. Kg2 Ne5 23. Nxe5 Bxe5 24. Rxf5 Qxf5 25. Qxf5 Rxf5
26. Rf1 Rxf1 27. Nxf1 Kg7 28. Ne3 h5 29. Nc4 Bf6 30. h3 Kf7 31. d4 Ke6 32.
Ne3 Bg5 33. Kf3 a6 34. Nc4 Kd5 35. Ne3+ Kc6 36. b3 b5 37. axb5+ axb5 38. c4
bxc4 39. bxc4 Bf6 40. Ke4 Kd7 41. Nc2 c6 42. Ne3 Ke6 43. Ng2 Bg5 44. Nf4+
Bxf4 45. gxf4 d5+ 46. cxd5+ cxd5+ 47. Ke3 Kf6 48. Kf3 Kf5 49. Ke3 g5 50.
fxg5 Kxg5 51. Kf3 Kf5 52. Ke3 Kg5 53. Kf3 Kh4 54. Ke3 Kxh3 55. Kf3 Kh2 56.
Kf4 Kg1 57. Kg5 Kf2 58. Kxh5 Ke3 59. Kg5 Kxd4 60. Kf5 Kc4 61. Ke6 d4 62. Ke5
d3 63. Ke4 d2 64. Ke3 d1=Q 65. Kf2 Qd3 66. Ke1 Kd4 67. Kf2 Ke4 68. Kg2 Qf3+
69. Kg1 Qe2 70. Kh1 Kf3 71. Kg1 Qg2# {White checkmated} 0-1

[Event "ICC Open 2015"]
[Site "Internet Chess Club"]
[Date "2015.05.29"]
[Round "2"]
[White "paulohaddad"]
[Black "wolfandcheapgin"]
[Result "1-0"]
[ICCResult "Black forfeits on time"]
[WhiteElo "1805"]
[BlackElo "1376"]
[Opening "Queen's pawn game"]
[ECO "D02"]
[NIC "QP.08"]
[Time "19:12:21"]
[TimeControl "180+0"]

1. d4 d5 2. Nf3 c6 3. Bf4 Nf6 4. Nbd2 e6 5. e3 a6 6. Bd3 Be7 7. Ne5 Nbd7 8.
Qf3 Nxe5 9. dxe5 Nd7 10. Kf1 Bg5 11. e4 Bxf4 12. Qxf4 h6 13. exd5 cxd5 14.
c3 Qg5 15. Qxg5 hxg5 16. Re1 O-O 17. Nf3 f6 18. exf6 gxf6 19. Nd4 Nc5 20.
Bc2 e5 21. Nf5 b5 22. Ne7+ Kg7 23. Nxd5 Be6 24. Nc7 Bxa2 25. Nxa8 Rxa8 26.
Be4 Rd8 27. f3 Bc4+ 28. Kf2 Rd2+ 29. Kg3 Be6 30. Rd1 {Black forfeits on
time} 1-0

[Event "ICC Open 2015"]
[Site "Internet Chess Club"]
[Date "2015.05.29"]
[Round "2"]
[White "Smays"]
[Black "burbur"]
[Result "0-1"]
[ICCResult "White forfeits on time"]
[WhiteElo "1662"]
[BlackElo "2560"]
[Opening "Nimzovich-Larsen attack"]
[ECO "A01"]
[NIC "VO.08"]
[Time "19:13:44"]
[TimeControl "180+0"]

1. b3 e6 2. Bb2 d5 3. f4 c5 4. Nf3 Nc6 5. e3 Nf6 6. Bb5 Be7 7. Ne5 Bd7 8.
Nxd7 Qxd7 9. O-O O-O 10. Nc3 a6 11. Be2 d4 12. Nb1 Rad8 13. Na3 b5 14. Bf3
Nb4 15. e4 c4 16. d3 c3 17. Bc1 Nc6 18. Nb1 Ne8 19. a4 b4 20. Qe1 Nc7 21.
Qg3 f5 22. exf5 exf5 23. Qh3 Nd5 24. Bxd5+ Qxd5 25. Qf3 Qxf3 26. Rxf3 Bc5
27. Rf1 Rfe8 28. Kf2 Ne7 29. h3 Nd5 30. g4 g6 31. Kf3 Rd7 32. Nd2 cxd2 33.
Bxd2 Rde7 34. Rae1 Rxe1 35. Rxe1 Rxe1 36. Bxe1 Ne3 37. gxf5 gxf5
{White forfeits on time}
0-1